 Dungeon Crawl Stone Soup version 0.30-a0-234-g97d66968fd (webtiles) character file.

Game seed: 4242533901479730523

140 qw the Chopper (level 5, -3/32 HPs)
             Began as a Gargoyle Fighter on Oct 9, 2022.
             Killed by divine providence
             ... invoked by an orc priest
              (14 damage)
             ... on level 3 of the Dungeon.
             The game lasted 00:00:44 (1893 turns).

qw the Chopper (Gargoyle Fighter)                   Turns: 1893, Time: 00:00:45

Health: -3/32      AC: 13    Str: 21    XL:     5   Next: 22%
Magic:  5/5        EV:  7    Int:  9    God:
Gold:   137        SH:  4    Dex:  9    Spells: 4/4 levels left

rFire   . . .      SeeInvis .    Y - +0 war axe
rCold   . . .      Faith    .    c - +0 buckler
rNeg    + . .      Spirit   .    a - +0 chain mail
rPois   inf        Reflect  .    (no helmet)
rElec   +          Harm     .    (no cloak)
rCorr   .          Rampage  .    (no gloves)
Will    .....                    (no boots)
Stlth   ..........               (no amulet)
HPRegen 0.25/turn                (no ring)
MPRegen 0.09/turn                (no ring)

@: no status effects
A: sickness immunity, AC +4, negative energy resistance 1, electricity
resistance, torment resistance 1, petrification resistance
a: no special abilities


You were on level 3 of the Dungeon.
You visited 1 branch of the dungeon, and saw 3 of its levels.

You collected 137 gold pieces.


Innate Abilities, Weirdness & Mutations

You are immune to sickness and miasma.
Your stone body is resilient. (AC +4)
You are immune to poison.
You resist negative energy. (rN+)
You are resistant to electric shocks. (rElec)
You are resistant to unholy torment.
You are immune to petrification.


   Skills:
 - Level 3.2 Fighting
 + Level 4.8 Axes
 - Level 3.2 Armour
 - Level 3.2 Shields


You had 4 spell levels left.
You didn't know any spells.
Your spell library was empty.

Inventory:

Hand Weapons
 e - a +0 club
 Y - a +0 war axe (weapon)
Armour
 a - a +0 chain mail (worn)
 c - a +0 buckler (worn)
 f - an orb of wrath
Scrolls
 b - 2 scrolls of teleportation
 g - a scroll of identify
 h - a scroll of torment {unknown}
 l - a scroll of enchant armour {unknown}
Potions
 d - 2 potions of might
 i - a potion of mutation
 j - a potion of degeneration {unknown}
 k - 2 potions of curing

Dungeon Overview and Level Annotations

Branches:
Dungeon (3/15)

Altars:


Message History

The orc priest is moderately wounded.
The orc priest hits you but does no damage.
You block the orc priest's attack.
You barely miss the orc priest.
The orc priest is moderately wounded.
The orc priest hits you but does no damage.
You barely miss the orc priest.
The orc priest is moderately wounded.
The orc priest barely misses you.
You barely miss the orc priest.
The orc priest is moderately wounded.
The orc priest mumbles some strange prayers to Beogh against you.
Pain shoots through your body!
You slash the orc priest!
The orc priest is almost dead.
The orc priest barely misses you.
The orc priest hits you but does no damage.
You hit the orc priest but do no damage.
The orc priest is almost dead.
The orc priest barely misses you.
You closely miss the orc priest.
The orc priest is almost dead.
The orc priest hits you with a +0 hand axe.
You barely miss the orc priest.
The orc priest is almost dead.
The orc priest looks encouraged for a moment.
The orc priest mumbles some strange prayers to Beogh against you.
Beogh smites you!
You barely miss the orc priest.
The orc priest is almost dead.
The orc priest hits you but does no damage.
You closely miss the orc priest.
The orc priest is almost dead.
The orc priest closely misses you.
You hit the orc priest but do no damage.
The orc priest is almost dead.
The orc priest hits you but does no damage.
The orc priest calls down the wrath of Beogh upon you.
Beogh smites you!
You die...

#...#
#######%#
...)....#
.#####..##
####...##
#.......# .
#.##...##
(...#.##..##
#....oo@.##
#.....####
....# ###


You could see an orc priest and an orc.

Vanquished Creatures
  An orc priest (D:3)
  4 adders
  5 dart slugs
  An orc (D:3)
  3 ball pythons
  9 endoplasms
  3 giant cockroaches
  2 goblins (D:1)
  4 hobgoblins
  11 jackals
  2 kobolds
  3 quokkas
  4 bats
  5 rats
57 creatures vanquished.

Notes
Turn   | Place    | Note
-------+----------+-------------------------------------------
     0 | D:1      | qw the Gargoyle Fighter began the quest for the Orb.
     0 | D:1      | Reached XP level 1. HP: 14/14 MP: 1/1
     0 | D:1      | 0 ||| qw: Version: 0.2-a-17-g06abaee
     0 | D:1      | 0 ||| qw: Game counter: 2338
     0 | D:1      | 0 ||| qw: Always use a shield: true
     0 | D:1      | 0 ||| qw: God list: Okawaru
     0 | D:1      | 0 ||| qw: Allow faded altars: false
     0 | D:1      | 0 ||| qw: Do Orc after D:15 true
     0 | D:1      | 0 ||| qw: Do second Lair branch before Depths: true
     0 | D:1      | 0 ||| qw: Lair rune preference: random
     0 | D:1      | 0 ||| qw: Plans: Normal, Zot:1-4, God:TSO, Crypt, Tomb,
                  | Pan, Slime:5, Hells, Abyss, Orb
     0 | D:1      | 0 ||| PLANNING D:1-11
    11 | D:1      | Reached skill level 2 in Axes
    27 | D:1      | Reached XP level 2. HP: 16/19 MP: 2/2
   266 | D:1      | Reached skill level 3 in Axes
   282 | D:1      | Reached XP level 3. HP: 21/23 MP: 3/3
   289 | D:1      | 289 ||| Stepping ~*~*~tactically~*~*~ (stealth).
   290 | D:1      | 290 ||| Stepping ~*~*~tactically~*~*~ (stealth).
   292 | D:1      | 292 ||| Stepping ~*~*~tactically~*~*~ (hiding).
   618 | D:1      | 618 ||| DROPPING orb of light.
   619 | D:1      | 619 ||| DROPPING amulet of magic regeneration.
   620 | D:1      | 620 ||| READING scroll labelled WAETACVU LIEX.
   625 | D:1      | 625 ||| DRINKING 2 lumpy ruby potions.
   636 | D:2      | 636 ||| STAIRDANCE
   642 | D:2      | 642 ||| STAIRDANCE
   818 | D:2      | 818 ||| Stepping ~*~*~tactically~*~*~ (hiding).
  1047 | D:2      | Reached XP level 4. HP: 28/28 MP: 4/4
  1144 | D:2      | 1144 ||| Stepping ~*~*~tactically~*~*~ (stealth).
  1207 | D:2      | 1207 ||| UPGRADING to +0 chain mail.
  1217 | D:2      | 1217 ||| DROPPING +0 scale mail.
  1218 | D:2      | 1218 ||| READING scroll labelled TUMYTW OPUNNIG.
  1219 | D:2      | 1219 ||| READING 2 scrolls labelled DETZONO NU FUCS.
  1220 | D:2      | 1220 ||| READING scroll labelled GONEKHLUSMEGG.
  1227 | D:2      | 1227 ||| STAIRDANCE
  1251 | D:2      | 1251 ||| READING 2 scrolls of identify.
  1251 | D:2      | 1251 ||| IDENTIFYING inky potion
  1259 | D:2      | 1259 ||| STAIRDANCE
  1385 | D:2      | 1385 ||| Stepping ~*~*~tactically~*~*~ (hiding).
  1586 | D:3      | Reached skill level 4 in Axes
  1800 | D:3      | 1800 ||| Stepping ~*~*~tactically~*~*~ (stealth).
  1868 | D:3      | 1868 ||| Stepping ~*~*~tactically~*~*~ (hiding).
  1883 | D:3      | Reached XP level 5. HP: 32/32 MP: 5/5
  1893 | D:3      | Killed from afar by an orc priest

Levels and vault maps discovered:
D:1:      minmay_arrival_semitransparent, layout_rooms
D:2:      layout_rooms, serial_aquarium, aquarium_bridge_square
          [aquarium_subvault_bridge, aquarium_subvault_wall,
          aquarium_subvault_balcony, aquarium_subvault_bridge],
          aquarium_bridge_long_joined [aquarium_subvault_wall,
          aquarium_subvault_bridge, aquarium_subvault_wall,
          aquarium_subvault_window, aquarium_subvault_wall,
          aquarium_subvault_bridge], aquarium_window_fake, aquarium_window_1,
          aquarium_view_2f, grunt_decor_junction
D:3:      layout_loops_cross, grunt_dithmenos_smoke

Skill      XL: |  1  2  3  4 |
---------------+-------------+-----
Axes           | 2 3 4 |  4.8
Fighting       | |  3.2
Armour         | |  3.2
Shields        | |  3.2

Action                   |  1- 3 |  4- 6 || total
-------------------------+-------+-------++-------
Melee: War axe           |    71 |    68 ||   139
  Use: Scroll            |     1 |     4 ||     5
       Potion            |     1 |       ||     1
Armor: Scale mail        |    45 |     9 ||    54
       Chain mail        |       |    29 ||    29
Dodge: Dodged            |    36 |    23 ||    59
Block: Buckler           |    13 |    11 ||    24

Table legend:
 A = Non-vault XP
 B = Vault XP
 C = Vault XP percentage of total XP
 D = Non-vault monster count
 E = Vault monster count
 F = Vault count percentage of total count
                 A         B        C        D         E       F
            +---------+---------+-------+---------+---------+-------
      Total |     200 |       0 |   0.0 |      57 |       0 |   0.0
            +---------+---------+-------+---------+---------+-------
        D:1 |      54 |       0 |   0.0 |      26 |       0 |   0.0
        D:2 |      40 |       0 |   0.0 |      14 |       0 |   0.0
        D:3 |     106 |       0 |   0.0 |      17 |       0 |   0.0
            +---------+---------+-------+---------+---------+-------
